 Dungeon Crawl Stone Soup version 0.21.0-3-g78d12a8 (console) character file.

1169 toffzen the Chiller (level 8, 0/61 HPs)
             Began as a Merfolk Ice Elementalist on Jan 9, 2018.
             Was an Initiate of Makhleb.
             Slain by an unseen horror (7 damage)
             ... on level 7 of the Dungeon on Jan 10, 2018.
             The game lasted 00:33:23 (9381 turns).

toffzen the Chiller (Merfolk Ice Elementalist)      Turns: 9381, Time: 00:33:23

Health: 0/61       AC: 11    Str:  9    XL:     8   Next: 40%
Magic:  11/11      EV: 16    Int: 16    God:    Makhleb [......]
Gold:   410        SH:  0    Dex: 16    Spells: 3/11 levels left

rFire    . . .     SeeInvis .   a - +5 trident "Qiur" {pierce, Dex+2}
rCold    . . .     Gourm    .   (no shield)
rNeg     . . .     Faith    .   c - +0 robe
rPois    .         Spirit   .   F - +1 helmet
rElec    .         Reflect  .   n - +0 cloak
rCorr    .         Harm     .   (no gloves)
MR       .....                  (no boots)
Stlth    ++........             (no amulet)
HPRegen  0.20/turn              (no ring)
MPRegen  0.12/turn              (no ring)

@: icy armour, slow
A: change form in water, swift swim, stealthy swim
a: Renounce Religion


You were on level 7 of the Dungeon.
You worshipped Makhleb.
Makhleb was noncommittal.
You were hungry.

You visited 2 branches of the dungeon, and saw 8 of its levels.

You collected 410 gold pieces.

Inventory:

Hand Weapons
 a - the +5 trident "Qiur" (weapon) {pierce, Dex+2}
   (You found it on level 5 of the Dungeon)

   It inflicts extra damage upon your enemies.
   It affects your dexterity (+2).
 g - a +0 dagger
 p - a +0 short sword
 z - a +2 mace of draining
Missiles
 e - 238 stones (quivered)
 f - 29 sling bullets
 o - 65 poisoned needles
Armour
 c - a +0 robe (worn)
 n - a +0 cloak (worn)
 F - a +1 helmet (worn)
Wands
 q - a wand of paralysis (11)
 D - a wand of flame (30)
Scrolls
 h - a scroll of fear
 l - 2 scrolls of magic mapping
 m - 7 scrolls of teleportation
 s - a scroll of blinking {unknown}
 t - 3 scrolls of remove curse
 u - a scroll of noise {unknown}
 y - a scroll of random uselessness {unknown}
 C - 2 scrolls of enchant armour {unknown}
Potions
 d - 3 potions of lignification
 i - 8 potions of curing
 j - a potion of degeneration
 r - 2 potions of resistance
 w - 2 potions of magic {unknown}
 x - a potion of agility {unknown}
 E - 2 potions of flight {unknown}
 G - a potion of mutation {unknown}
Books
 b - a book of Frost

   Spells                             Type                      Level
   a - Freeze                         Ice                          1
   b - Throw Frost                    Conjuration/Ice              2
   c - Ozocubu's Armour               Charms/Ice                   3
   d - Throw Icicle                   Conjuration/Ice              4
   e - Summon Ice Beast               Ice/Summoning                4
 v - a book of Geomancy

   Spells                             Type                      Level
   a - Sandblast                      Earth                        1
   b - Passwall                       Transmutation/Earth          2
   c - Stone Arrow                    Conjuration/Earth            3
   d - Petrify                        Transmutation/Earth          4
   e - Lee's Rapid Deconstruction     Earth                        5
Comestibles
 A - 5 rations


   Skills:
 + Level 4.8 Fighting
 * Level 5.4 Polearms
 + Level 6.5 Dodging
 - Level 2.1 Stealth
 - Level 2.0 Spellcasting
   Level 0.7 Conjurations
 - Level 2.5 Charms
 - Level 6.6 Ice Magic
 + Level 0.7 Evocations


You had 3 spell levels left.
You knew the following spells:

 Your Spells              Type           Power        Failure   Level  Hunger
a - Freeze                Ice            ###.         1%          1    #......
b - Ozocubu's Armour      Chrm/Ice       ###.....     10%         3    ###....
c - Summon Ice Beast      Ice/Summ       ##......     45%         4    #####..


Dungeon Overview and Level Annotations

Branches:
Dungeon (7/15)             Temple (1/1) D:5

Altars:
Ashenzari
Cheibriados
Dithmenos
Fedhas
Gozag
Hepliaklqana
Kikubaaqudgha
Makhleb
Nemelex Xobeh
Okawaru
Qazlal
Ru
Sif Muna
Uskayaw
Vehumet
Wu Jian
Xom
Yredelemnul
Zin
The Shining One

Shops:
D:6 [

Annotations:
D:4 Blork the orc


Message History

You hit something. Something hits you. x2
Something barely misses you. Something completely misses you.
You are feeling hungry.
Something hits you.
* * * LOW HITPOINT WARNING * * *
Something hits you but does no damage. Something hits you.
* * * LOW HITPOINT WARNING * * *
Something barely misses you. Something hits you but does no damage.
Something hits you.
* * * LOW HITPOINT WARNING * * *
Something hits you.
* * * LOW HITPOINT WARNING * * *
You closely miss something. Something closely misses you. Something hits you.
* * * LOW HITPOINT WARNING * * *
Attack whom?
Press: ? - help, Dir - move target cursor You reach to attack!
You hit something but do no damage. Something hits you!
You die...

#. #.
##.#
...##
...# ..#
#.# #.#
#@# #.#
#.# #.#
#.# #.#
## #.# ..
#.#
###.#####
#.#


There were no monsters in sight!

Vanquished Creatures
  A sky beast (D:5)
  2 ogres
  3 centaurs
  A big kobold (D:5)
  A bullfrog (D:6)
  A quasit (D:6)
  2 hounds (D:5)
  2 orc priests
  Ijyb (D:5)
  2 iguanas (D:5)
  An orc wizard (D:6)
  3 worker ants
  A hound skeleton (D:5)
  7 adders
  A shadow imp (D:5)
  2 adder skeletons
  7 worms
  A dart slug (D:1)
  6 leopard geckos
  10 orcs
  3 ball pythons
  7 bats
  3 giant cockroaches
  9 hobgoblins
  4 jackals (D:6)
  3 quokkas
  7 frilled lizards
  9 goblins
  7 kobolds
  A leopard gecko skeleton (D:5)
  A quokka skeleton (D:5)
  A quokka zombie (D:6)
  8 rats
118 creatures vanquished.

Notes
Turn   | Place    | Note
-------+----------+-------------------------------------------
     0 | D:1      | toffzen the Merfolk Ice Elementalist began the quest for the Orb.
     0 | D:1      | Reached XP level 1. HP: 13/13 MP: 3/3
   316 | D:1      | Reached XP level 2. HP: 19/19 MP: 1/5
  1008 | D:1      | Reached XP level 3. HP: 18/24 MP: 2/6
  1089 | D:1      | Learned a level 3 spell: Ozocubu's Armour
  1673 | D:2      | Reached skill level 5 in Ice Magic
  2432 | D:2      | You fall through a shaft!
  2635 | D:2      | Reached XP level 4. HP: 25/30 MP: 0/7
  2804 | D:3      | Found a basalt altar of Yredelemnul.
  3141 | D:3      | Found an ancient bone altar of Kikubaaqudgha.
  3387 | D:3      | Reached skill level 1 in Charms
  4031 | D:3      | Reached XP level 5. HP: 35/35 MP: 5/8
  4505 | D:4      | Found an opulent altar of Gozag.
  4505 | D:4      | Found a glowing silver altar of Zin.
  4951 | D:4      | Reached skill level 1 in Fighting
  5115 | D:4      | Noticed Blork the orc
  5970 | D:4      | Learned a level 4 spell: Summon Ice Beast
  5971 | D:5      | Entered Level 5 of the Dungeon
  5989 | D:5      | Noticed a centaur
  6278 | D:5      | Killed a centaur
  6278 | D:5      | Reached XP level 6. HP: 33/44 MP: 2/9
  6436 | D:5      | Noticed a sky beast
  6457 | D:5      | Killed a sky beast
  6732 | D:5      | Reached XP level 7. HP: 52/52 MP: 2/10
  6897 | D:5      | Reached skill level 5 in Dodging
  7121 | D:5      | Got an ivory trident
  7122 | D:5      | Identified the +5 trident "Qiur" {pierce, Dex+2} (You found it on level 5 of the Dungeon)
  7285 | D:5      | Found a sparkling altar of Nemelex Xobeh.
  7287 | D:5      | Reached skill level 1 in Polearms
  7295 | D:5      | Found a shadowy altar of Dithmenos.
  7303 | D:5      | Found a deep blue altar of Sif Muna.
  7324 | D:5      | Found a glowing golden altar of the Shining One.
  7348 | D:5      | Noticed Ijyb
  7362 | D:5      | Paralysed by Ijyb for 7 turns
  7371 | D:5      | Killed Ijyb
  7510 | D:5      | Found a staircase to the Ecumenical Temple.
  7680 | Temple   | Entered the Ecumenical Temple
  7770 | Temple   | Became a worshipper of Makhleb the Destroyer
  7957 | D:5      | Found an iron altar of Okawaru.
  8473 | D:6      | Found Hibef's Armour Boutique.
  8562 | D:6      | Reached XP level 8. HP: 60/60 MP: 11/11
  9100 | D:6      | Reached skill level 5 in Polearms
  9236 | D:6      | Found a stormy altar of Qazlal.
  9381 | D:7      | Slain by an unseen horror

Skill      XL: |  1  2  3  4  5  6  7  8 |
---------------+-------------------------+-----
Ice Magic      | 4 5 6 |  6.6
Charms         | 2 |  2.5
Dodging        | 4 5 6 |  6.5
Fighting       | 2 3 4 |  4.8
Polearms       | 3 5 |  5.4
Stealth        | |  2.1
Spellcasting   | |  2.0
Conjurations   | |  0.7
Evocations     | |  0.7

Action                   |  1- 3 |  4- 6 |  7- 9 || total
-------------------------+-------+-------+-------++-------
Melee: Dagger            |     5 |       |       ||     5
       Short sword       |     2 |    49 |    24 ||    75
       Trident           |       |       |   124 ||   124
Throw: Stone             |     8 |    25 |     7 ||    40
 Cast: Freeze            |    66 |    83 |    21 ||   170
       Ozocubu's Armour  |       |     3 |     2 ||     5
  Use: Scroll            |       |     9 |     1 ||    10
       Potion            |       |       |     1 ||     1
 Stab: Sleeping          |     1 |     3 |     3 ||     7
  Eat: Chunk             |     5 |     5 |     6 ||    16
       Ration            |     1 |     2 |     1 ||     4
Armor: Robe              |     6 |    33 |    34 ||    73
Dodge: Dodged            |    29 |    62 |   112 ||   203
